 Dungeon Crawl Stone Soup version 0.13.0-29-gdb529de (webtiles) character file.

747 Impy the Chopper (level 7, -4/54 HPs)
             Began as a Demonspawn Gladiator on Nov 7, 2013.
             Slain by Sigmund
             ... wielding a +0,+0 scythe
              (14 damage)
             ... on Level 4 of the Dungeon.
             The game lasted 00:16:11 (4891 turns).

Impy the Chopper (Demonspawn Gladiator)             Turns: 4891, Time: 00:16:12

HP  -4/54        AC  4     Str 16      XL: 7   Next: 10%
MP   6/6         EV 12     Int 11      God:
Gold 182         SH  0     Dex 10 (13) Spells:  0 memorised,  6 levels left

Res.Fire  : + . .   See Invis. : .   e - +0,+2 trident (venom)
Res.Cold  : . . .   Warding    : .   b - +0 leather armour (curse)
Life Prot.: . . .   Conserve   : .   (no shield)
Res.Poison: .       Res.Corr.  : .   (helmet restricted)
Res.Elec. : .       Clarity    : .   j - +0 cloak
Sust.Abil.: . .     Spirit.Shd : .   (no gloves)
Res.Mut.  : +       Stasis     : .   (no boots)
Res.Rott. : .       Flight     : .   l - amulet of resist mutation
Saprovore : . . .                    (no ring)
                                     n - ring of teleport control

@: slightly resistant to hostile enchantments, very unstealthy
A: horns 1, conserve scrolls, fire resistance 1, powered by death 1
a: Evoke Teleport Control


You were on level 4 of the Dungeon.
You were not hungry.

You visited 1 branch of the dungeon, and saw 5 of its levels.

You collected 162 gold pieces.

Inventory:

Hand weapons
 a - a +1,+1 hand axe {=f}
 e - a +0,+2 trident of venom (weapon)
Missiles
 i - a throwing net [torn] (quivered)
Armour
 b - a cursed +0 leather armour (worn)
 j - a +0 cloak (worn)
Comestibles
 c - a meat ration
 f - 2 bread rations
 g - a slice of pizza
 k - 11 grapes
Scrolls
 d - 2 scrolls of identify
 o - 3 scrolls of teleportation
Jewellery
 l - an amulet of resist mutation (around neck)
 n - a ring of teleport control (left hand)


   Skills:
 + Level 4.7 Fighting
 - Level 4.7 Axes
 + Level 1.6 Polearms
 - Level 1.7 Throwing
 + Level 4.6 Dodging


You had 6 spell levels left.
You didn't know any spells.

Dungeon Overview and Level Annotations

Branches:
Dungeon (5/27)
 Temple: D:4-7

Altars:
Kikubaaqudgha
Nemelex Xobeh
Trog
Vehumet

Shops:
D:5 *

Annotations:
D:4 Sigmund


Innate Abilities, Weirdness & Mutations

You have a pair of small horns on your head.
You are very good at protecting items from fire.
Your flesh is heat resistant.
You can steal the life force of nearby defeated enemies.


Message History

You miss it. You barely miss it.
You hear some strange, mumbled words.
Something tries to affect you, but you resist.
You completely miss it. You headbutt it. It barely misses you.
You barely miss it. Your headbutt misses it. It hits you!
You closely miss it. You headbutt it.
You hear some strange, mumbled words.
The puff of flame hits you! You resist.
You hit it. You headbutt it. It hits you!
You puncture it! You headbutt it.
You hear some strange, mumbled words.
The puff of flame hits you! You resist.
You closely miss it. It hits you!
You barely miss it. It hits you.
You closely miss it. It hits you!
* * * LOW HITPOINT WARNING * * *
You hit it. You closely miss it. Your headbutt misses it. It hits you!
You die...

#.....# #.....#
#.....# #..>..#
#.....# #.....#
######.....#
#.[........#
#@####.....#
####.####....<#
##.......##....#
#.........##..(#
#...........#.(.#
#....###....#...#
#...##y##...#...#
#....###....#...#
#.........##..%#


You could see a moth of wrath.

Vanquished Creatures
  2 crimson imps (D:5)
  A jelly (D:5)
  A hound (D:5)
  An iguana (D:5)
  2 orc wizards
  An orc priest (D:4)
  2 scorpions
  A worker ant (D:5)
  An ogre skeleton (D:4)
  9 adders
  4 gnolls (D:3)
  An inept feature mimic (D:3)
  2 worms
  2 giant geckos (D:1)
  10 orcs
  17 bats
  6 hobgoblins
  5 jackals
  6 quokkas
  2 ball pythons
  4 giant cockroaches
  5 giant newts
  8 goblins
  6 kobolds
  11 rats
110 creatures vanquished.

Notes
Turn   | Place    | Note
--------------------------------------------------------------
     0 | D:1      | Impy, the Demonspawn Gladiator, began the quest for the Orb.
     0 | D:1      | Reached XP level 1. HP: 17/17 MP: 0/0
   296 | D:1      | Reached skill level 3 in Dodging
   296 | D:1      | Gained mutation: You are very good at protecting items from fire. [demonic ancestry]
   296 | D:1      | Reached XP level 2. HP: 20/23 MP: 1/1
   868 | D:2      | Gained mutation: You have a pair of small horns on your head. [demonic ancestry]
   868 | D:2      | Reached XP level 3. HP: 20/28 MP: 2/2
  1620 | D:2      | Reached XP level 4. HP: 30/35 MP: 3/3
  2384 | D:3      | Found a sparkling altar of Nemelex Xobeh.
  2491 | D:3      | Gained mutation: Your flesh is heat resistant. [demonic ancestry]
  2491 | D:3      | Reached XP level 5. HP: 18/41 MP: 4/4
  2950 | D:3      | Reached skill level 4 in Axes
  3472 | D:4      | Noticed a moth of wrath
  3474 | D:4      | Found a bloodstained altar of Trog.
  3636 | D:4      | Noticed Sigmund
  3648 | D:5      | Entered Level 5 of the Dungeon
  3666 | D:5      | Gained mutation: You can steal the life force of nearby defeated enemies. [demonic ancestry]
  3666 | D:5      | Reached XP level 6. HP: 36/47 MP: 5/5
  3850 | D:5      | Found a radiant altar of Vehumet.
  3952 | D:5      | Found an ancient bone altar of Kikubaaqudgha.
  4116 | D:5      | Found Myttaz's General Store.
  4737 | D:5      | Reached skill level 1 in Polearms
  4737 | D:5      | Reached XP level 7. HP: 51/53 MP: 6/6
  4891 | D:4      | Slain by Sigmund

Action                   |  1- 3 |  4- 6 |  7- 9 || total
-------------------------+-------+-------+-------++-------
Melee: Hand axe          |   145 |   275 |       ||   420
       Unarmed           |       |    29 |       ||    29
       Trident           |       |    18 |    45 ||    63
Throw: Throwing net      |     6 |    10 |     1 ||    17
 Abil: End Transformatio |       |     1 |       ||     1
Evoke: Deck              |       |     6 |       ||     6
  Use: Scroll            |     5 |    10 |     2 ||    17
       Potion            |     4 |     3 |       ||     7
 Stab: Held in net/web   |       |     2 |       ||     2
       Invisible         |       |     1 |       ||     1
